 Dungeon Crawl Stone Soup version 0.29.1-15-g9cfb28693d (webtiles) character file.

Game seed: 4571347370992831456

179 GeoRichter the Stinger (level 5, -6/36 HPs)
             Began as a Demonspawn Venom Mage on Mar 17, 2023.
             Mangled by an ogre
             ... wielding a +0 giant club
              (20 damage)
             ... on level 4 of the Dungeon.
             The game lasted 00:04:12 (3601 turns).

GeoRichter the Stinger (Demonspawn Venom Mage)      Turns: 3601, Time: 00:04:13

Health: -6/36      AC:  5    Str:  9    XL:     5   Next: 33%
Magic:  4/8        EV: 12    Int: 18    God:
Gold:   205        SH:  0    Dex: 13    Spells: 5/8 levels left

rFire   . . .      SeeInvis .   l - +1 short sword (venom)
rCold   . . .      Faith    .   (no shield)
rNeg    . . .      Spirit   .   a - +0 robe
rPois   .          Reflect  .   (no helmet)
rElec   .          Harm     .   (no cloak)
rCorr   .          Rampage  .   c - +0 pair of gloves
Will    .....                   (no boots)
Stlth   ++........              (no amulet)
HPRegen 0.12/turn               (no ring)
MPRegen 0.11/turn               (no ring)

@: no status effects
A: claws 1, rugged brown scales 2
a: no special abilities


You were on level 4 of the Dungeon.
You visited 1 branch of the dungeon, and saw 4 of its levels.

You collected 205 gold pieces.

Inventory:

Hand Weapons
 l - a +1 short sword of venom (weapon)
   (You took it off a kobold on level 2 of the Dungeon)
Armour
 a - a +0 robe (worn)
 c - a +0 pair of gloves (worn)
   (You found it on level 1 of the Dungeon)
Scrolls
 d - 3 scrolls of poison {unknown}
 e - 2 scrolls of vulnerability {unknown}
 g - 2 scrolls of noise {unknown}
 h - 2 scrolls of teleportation {unknown}
 i - 6 scrolls of identify {unknown}
 o - a scroll of enchant armour {unknown}
 s - a scroll of magic mapping {unknown}
Potions
 b - 2 potions of magic
 f - a potion of curing {unknown}
 j - 2 potions of mutation {unknown}
 k - 2 potions of attraction {unknown}
 m - a potion of ambrosia {unknown}
 n - a potion of might {unknown}
 p - a potion of flight {unknown}
 q - 2 potions of degeneration {unknown}
 r - a potion of brilliance {unknown}


   Skills:
 - Level 1.7 Dodging
 - Level 2.0 Stealth
 - Level 2.0 Spellcasting
 - Level 0.8 Transmutations
 + Level 2.2 Air Magic
 * Level 5.3 Poison Magic


You had 5 spell levels left.
You knew the following spells:

 Your Spells              Type           Power      Damage    Failure   Level
a - Sting                 Tmut/Pois      48%        1d5       4%          1
b - Poisonous Vapours     Pois/Air       30%        N/A       6%          2

Your spell library contained the following spells:

 Spells                   Type           Power      Damage    Failure   Level
 Wereblood                Tmut           4%         N/A       19%         2
 Mephitic Cloud           Conj/Pois/Air  10%        N/A       19%         3
 Olgreb's Toxic Radiance  Pois           20%        N/A       21%         4
 Sublimation of Blood     Necr           1%         N/A       26%         2
 Summon Hydra             Summ           0%         N/A       100%        7


Dungeon Overview and Level Annotations

Branches:
Dungeon (4/15) Zot: 20391
 Temple: D:4-7

Altars:
Kikubaaqudgha


Innate Abilities, Weirdness & Mutations

You have sharp fingernails.
You are mostly covered in rugged brown scales. (AC +2, +5% HP)


Message History

The quokka barely misses you.
The sting misses the quokka.
The quokka closely misses you.
The sting hits the quokka.
The quokka looks even sicker.
You kill the quokka!
You hit the hobgoblin.
The hobgoblin is poisoned.
Your punch misses the hobgoblin.
The hobgoblin hits you but does no damage.
You barely miss the hobgoblin.
You kill the hobgoblin!
The sting misses the orc.
The orc hits you with a +0 mace of protection.
You completely miss the orc. The orc closely misses you.
You barely miss the orc.
The orc hits you with a +0 mace of protection.
You hit the orc but do no damage.
The orc is poisoned.
The orc completely misses you.
You hit the orc but do no damage.
The orc looks as sick as possible!
The orc closely misses you.
The orc hits you with a +0 mace of protection.
You barely miss the orc. The orc barely misses you.
You hit the orc.
You kill the orc!
Items here: ) [ ††††.
i - 6 scrolls labelled UHUCHU POEK (gained 2)
Found a stone staircase leading up.
Done exploring.
Done exploring.
Done exploring.
There is a stone staircase leading down here.
You climb downwards.
There is a stone staircase leading up here.
Okay, then.
An ogre comes into view. It is wielding a +0 giant club.
Found 6 stones.
The ogre shouts!
You hear a shout! x2
An ogre is nearby!
An ogre is nearby!
Okay, then.
The sting hits the ogre.
The ogre is poisoned.
The ogre barely misses you.
The sting hits the ogre.
The ogre looks even sicker.
The sting misses the ogre.
The ogre barely misses you.
The sting hits the ogre.
The ogre looks even sicker.
The ogre hits you with a +0 giant club!!
Ouch! That really hurt!
* * * LOW HITPOINT WARNING * * *
You hit the ogre.
The ogre looks as sick as possible!
You barely miss the ogre.
The ogre hits you with a +0 giant club!!
Ouch! That really hurt!
You die...

#.# #.#
#.# #.#
#.# #.#
#.# #.#
#@#
#...(O.#
######.#
..# #.#
#.# #.#
#.#


You could see an ogre (extremely poisoned).

Vanquished Creatures
  Natasha (thrice) (D:3)
  5 adders
  A dart slug (D:2)
  An orc (D:3)
  3 ball pythons (D:1)
  3 bat zombies (D:3)
  3 endoplasms
  4 giant cockroaches
  5 goblins
  3 hobgoblins
  3 quokkas
  7 bats
  4 frilled lizards
  6 kobolds
  6 rats
  A rat zombie (D:3)
58 creatures vanquished.

Notes
Turn   | Place    | Note
-------+----------+-------------------------------------------
     0 | D:1      | GeoRichter the Demonspawn Venom Mage began the quest for
                  | the Orb.
     0 | D:1      | Reached XP level 1. HP: 13/13 MP: 3/3
   400 | D:1      | Gained mutation: You are partially covered in rugged brown
                  | scales. (AC +1, +3% HP) [demonic ancestry]
   400 | D:1      | Reached XP level 2. HP: 13/19 MP: 0/5
   403 | D:1      | Learned a level 2 spell: Poisonous Vapours
   706 | D:1      | Found a faded altar of an unknown god.
  1216 | D:1      | Reached XP level 3. HP: 16/24 MP: 0/6
  1437 | D:2      | Reached skill level 1 in Air Magic
  1437 | D:2      | Reached skill level 4 in Poison Magic
  2049 | D:3      | Noticed Natasha
  2061 | D:3      | Killed Natasha
  2062 | D:3      | Gained mutation: You have sharp fingernails. [demonic
                  | ancestry]
  2062 | D:3      | Reached XP level 4. HP: 19/30 MP: 1/7
  2098 | D:3      | Noticed Natasha
  2226 | D:3      | Killed Natasha
  2394 | D:3      | Noticed Natasha
  2435 | D:3      | Killed Natasha
  2436 | D:3      | Reached skill level 5 in Poison Magic
  2436 | D:3      | Gained mutation: You are mostly covered in rugged brown
                  | scales. (AC +2, +5% HP) [demonic ancestry]
  2436 | D:3      | Reached XP level 5. HP: 4/36 MP: 1/8
  3145 | D:3      | Found an ancient bone altar of Kikubaaqudgha.
  3595 | D:4      | Noticed an ogre
  3601 | D:4      | Mangled by an ogre

Illustrated notes

Levels and vault maps discovered:
D:1:      dpeg_arrival_arbitrary_b, layout_loops_ring,
          chequers_ecumenical_altar_island, minmay_tromino_v2
D:2:      layout_basic
D:3:      minmay_diamond_boxcup, layout_basic,
          lemuel_zombie_altar_kikubaaqudgha, uniq_natasha
D:4:      layout_loops_ring, nicolae_sif_muna_little_library,
          nicolae_overflow_hidden_temple, evilmike_ruin_ashenzari, serial_shops,
          nicolae_shop_hallway_stairs, uniq_robin, uniq_edmund, uniq_pikel

Skill      XL: |  1  2  3  4 |
---------------+-------------+-----
Stealth        | 2 |  2.0
Air Magic      | 1 2 |  2.2
Poison Magic   | 4 5 |  5.3
Dodging        | |  1.7
Spellcasting   | |  2.0
Transmutations | |  0.8

Action                   |  1- 3 |  4- 6 || total
-------------------------+-------+-------++-------
Melee: Dagger            |    15 |       ||    15
       Short sword       |     4 |    40 ||    44
       Punch             |       |     1 ||     1
 Cast: Sting             |    61 |    36 ||    97
       Poisonous Vapours |     3 |    13 ||    16
Armor: Robe              |    11 |    32 ||    43
Dodge: Dodged            |    29 |    48 ||    77
